 Dungeon Crawl Stone Soup version 0.29.0 (webtiles) character file.

Game seed: 10692871846877410385

147 ProzacElf the Shooter (level 5, 0/41 HPs)
             Began as a Human Hunter on Aug 25, 2022.
             Succumbed to an orc's poison
             ... on level 3 of the Dungeon.
             The game lasted 00:14:03 (1835 turns).

ProzacElf the Shooter (Human Hunter)                Turns: 1835, Time: 00:14:03

Health: 0/41       AC:  4    Str: 12    XL:     5   Next: 55%
Magic:  5/5        EV: 13    Int:  9    God:
Gold:   180        SH:  0    Dex: 18    Spells: 4/4 levels left

rFire   . . .      SeeInvis .   a - +0 shortbow
rCold   . . .      Faith    .   (shield currently unavailable)
rNeg    . . .      Spirit   .   c - +0 leather armour
rPois   .          Reflect  .   (no helmet)
rElec   .          Harm     .   j - +0 cloak
rCorr   .          Rampage  .   (no gloves)
Will    .....                   (no boots)
Stlth   ++........              (no amulet)
HPRegen 0.13/turn               (no ring)
MPRegen 0.09/turn               (no ring)

@: lethally poisoned (0 -> -20)
A: no striking features
a: no special abilities


You were on level 3 of the Dungeon.
You visited 1 branch of the dungeon, and saw 3 of its levels.

You collected 180 gold pieces.

Inventory:

Hand Weapons
 a - a +0 shortbow (weapon)
 b - a +1 trident of flaming
 l - a +0 rapier
Armour
 c - a +0 leather armour (worn)
 j - a +0 cloak (worn)
 u - a +2 pair of gloves
Scrolls
 d - a scroll of fog {unknown}
 g - 2 scrolls of teleportation {unknown}
 i - a scroll of blinking {unknown}
 k - a scroll of identify {unknown}
 m - a scroll of magic mapping {unknown}
 n - a scroll of silence {unknown}
 p - a scroll of immolation
 q - 3 scrolls of amnesia {unknown}
 s - a scroll of vulnerability {unknown}
Potions
 e - a potion of cancellation {unknown}
 f - 3 potions of lignification {unknown}
 h - a potion of haste {unknown}
 o - a potion of flight {unknown}
 r - a potion of heal wounds {unknown}
 t - 2 potions of curing {unknown}


   Skills:
 + Level 3.1 Fighting
 + Level 4.7 Ranged Weapons
 + Level 3.1 Dodging
 + Level 2.7 Stealth


You had 4 spell levels left.
You didn't know any spells.
Your spell library contained the following spells:

 Spells                   Type           Power      Damage    Failure   Level
 Beastly Appendage        Tmut           0%         N/A       45%         1
 Ensorcelled Hibernation  Hex/Ice        0%         N/A       61%         2
 Passwall                 Tmut/Erth      0%         N/A       61%         2
 Wereblood                Tmut           0%         N/A       61%         2
 Ignite Poison            Fire/Tmut/Pois 0%         N/A       83%         3
 Mephitic Cloud           Conj/Pois/Air  0%         N/A       83%         3
 Spider Form              Tmut/Pois      0%         N/A       83%         3
 Swiftness                Air            0%         N/A       83%         3
 Freezing Cloud           Conj/Ice/Air   0%         6-21      100%        5


Dungeon Overview and Level Annotations

Branches:
Dungeon (3/15)

Altars:


Message History

Ye be too injured ta fight recklessly!
Ye be too injured ta fight recklessly!
Ye be too injured ta fight recklessly!
Fire: a) +0 shortbow
Press: ? - help, Q - select action Shift-Dir - straight line, f/p - orc
Aim: an orc, wieldin' a +0 trident an' wearin' a +0 chain mail (71% ta hit) Ye shoot an arrow.
Tha arrow hits tha orc!
Ye kill tha orc!
Fire: a) +0 shortbow
Press: ? - help, Q - select action Shift-Dir - straight line, f - orc
Aim: an orc, wieldin' a +0 whip an' wearin' a +0 leathar armour (almost dead, 64% ta hit) Ye shoot an arrow.
Tha arrow completely misses tha orc.
Tha arrow closely misses tha orc.
Tha orc hits ye wit' a +0 whip.
Ye take 3 damage, an' haf 14/41 hp.
Fire: a) +0 shortbow
Press: ? - help, Q - select action Shift-Dir - straight line, f/p - orc
Aim: an orc, wieldin' a +0 whip an' wearin' a +0 leathar armour (almost dead, 64% ta hit) Ye shoot an arrow.
Tha arrow hits tha orc but does nay damage.
Tha orc be almost dead.
Tha orc hits ye wit' a +0 whip.
* * * LOW HITPOINT WARNIN'
* * * Ye take 2 damage, an' haf 12/41 hp.
Fire: a) +0 shortbow
Press: ? - help, Q - select action Shift-Dir - straight line, f/p - orc
Aim: an orc, wieldin' a +0 whip an' wearin' a +0 leathar armour (almost dead, 64% ta hit) Ye shoot an arrow.
Tha arrow hits tha orc!
Ye kill tha orc!
Tha orc attacks as ye move away!
Tha orc hits ye wit' a +1 dagger o' venom.
* * * LOW HITPOINT WARNIN'
* * * Ye be poison'd.
Ye feel sick.
Ye take 4 damage, an' haf 9/41 hp.
Tha orc attacks as ye move away!
Tha orc hits ye wit' a +1 dagger o' venom.
* * * LOW HITPOINT WARNIN'
* * * Ye be more poison'd.
Ye die...

....)o.........#
#......#
......##..#....#
###....#
..........#....'
#....#
+#+##.....# ...#
#....# ###.#.#
..# ####.# #.#)#
.# #.# ..#)# .#
#.# ##.#.####.##
#.# #.oo.@..#
#.# #...####.##
####.# ........
..# #######....#
#....#.# .##
............
######.# .#
#######.#### #.#
.# #..... ... .#
###### #. ##


You could see 2 orcs.

Vanquished Creatures
  An orc priest (D:3)
  An adder (D:2)
  3 worms (D:2)
  4 dart slugs (D:1)
  11 orcs (D:3)
  7 endoplasms
  2 giant cockroaches
  4 goblins
  3 hobgoblins
  9 quokkas
  8 ball pythons
  8 bats
  2 frilled lizards
  6 kobolds
  6 rats
75 creatures vanquished.

Notes
Turn   | Place    | Note
-------+----------+-------------------------------------------
     0 | D:1      | ProzacElf the Human Hunter began the quest for the Orb.
     0 | D:1      | Reached XP level 1. HP: 16/16 MP: 1/1
    66 | D:1      | Reached XP level 2. HP: 22/22 MP: 2/2
   173 | D:1      | Reached XP level 3. HP: 28/28 MP: 3/3
   530 | D:1      | You fall into a shaft and drop 1 floor!
   626 | D:2      | Reached XP level 4. HP: 31/34 MP: 4/4
  1413 | D:3      | Found a faded altar of an unknown god.
  1482 | D:3      | Reached XP level 5. HP: 40/40 MP: 5/5
  1835 | D:3      | Succumbed to an orc's poison

Illustrated notes

Levels and vault maps discovered:
D:1:      moated_graveyard_arrival, layout_loops_ring
D:2:      layout_rooms, minmay_misc_feat_rugged
D:3:      layout_basic, mainiacjoe_overflow_alcove_4,
          nicolae_ecumenical_oubliette

Skill      XL: |  1  2  3  4  5 |
---------------+----------------+-----
Stealth        | 2 |  2.7
Fighting       | 3 |  3.1
Dodging        | 3 |  3.1
Ranged Weapons | |  4.7

Action                   |  1- 3 |  4- 6 || total
-------------------------+-------+-------++-------
 Fire: Shortbow          |    77 |   125 ||   202
Armor: Leather armour    |     4 |    18 ||    22
Dodge: Dodged            |    12 |    60 ||    72
